 Dungeon Crawl Stone Soup version 0.25-a0-843-g6944ee3 (webtiles) character file.

Game seed: 15514157005160755335, levelgen mode: deterministic

20228 Faca the Grappler (level 12, -2/130 HPs)
             Began as a Troll Fighter on Apr 25, 2020.
             Was the Champion of Okawaru.
             Slain by a ten-headed hydra (11 damage)
             ... on level 2 of the Lair of Beasts.
             The game lasted 00:26:28 (12300 turns).

Faca the Grappler (Troll Fighter)                  Turns: 12300, Time: 00:26:29

Health: -2/130     AC:  7    Str: 31    XL:     12   Next: 43%
Magic:  11/11      EV:  9    Int:  4    God:    Okawaru [******]
Gold:   850        SH: 12    Dex: 14    Spells: 11/11 levels left

rFire    + . .     SeeInvis .     - Unarmed
rCold    . . .     Gourm    +   b - +1 kite shield
rNeg     . . .     Faith    .   E - +0 robe "Qeanut" {MR+ Regen+}
rPois    .         Spirit   .   l - +1 hat
rElec    .         Reflect  .   (no cloak)
rCorr    .         Harm     .   (gloves unavailable)
MR       +....                  (boots unavailable)
Stlth    +.........             (no amulet)
HPRegen  1.11/turn              g - ring of protection from fire
MPRegen  0.12/turn              a - +5 ring of dexterity

@: no status effects
A: large, unfitting armour, claws 3, fast metabolism 3, gourmand, regeneration
1, shaggy fur 1, tough skin 3
a: Heroism, Finesse, Renounce Religion


You were on level 2 of the Lair of Beasts.
You worshipped Okawaru.
Okawaru was exalted by your worship.
You were full.

You visited 2 branches of the dungeon, and saw 14 of its levels.
You also visited: Ossuary.

You collected 949 gold pieces.
You spent 99 gold pieces at shops.

Inventory:

Missiles
 e - 4 silver javelins
 i - 7 boomerangs of dispersal
 o - 21 boomerangs (quivered)
Armour
 b - a +1 kite shield (worn)
 l - a +1 hat (worn)
 E - the +0 robe "Qeanut" (worn) {MR+ Regen+}
   (You found it on level 9 of the Dungeon)

   It affects your resistance to hostile enchantments.
   It increases your rate of regeneration.
 G - the +3 robe "Utyif" {-Tele rN+ MR+}
   (Okawaru gifted it to you on level 12 of the Dungeon)

   It protects you from negative energy.
   It affects your resistance to hostile enchantments.
   It prevents most forms of teleportation.
Jewellery
 a - a +5 ring of dexterity (right claw)
 g - a ring of protection from fire (left claw)
Wands
 q - a wand of flame (55)
 w - a wand of acid (5)
 y - a wand of iceblast (1)
 B - a wand of digging (11)
 C - a wand of enslavement (7)
 D - a wand of random effects (23)
Scrolls
 f - 5 scrolls of enchant weapon
 m - 4 scrolls of teleportation
 n - 5 scrolls of enchant armour
 p - 3 scrolls of blinking
 r - 6 scrolls of remove curse
 s - 2 scrolls of magic mapping
 v - 8 scrolls of identify
 F - a scroll of fear
 H - 2 scrolls of fog
Potions
 c - 3 potions of might
 j - 6 potions of haste
 k - a potion of stabbing
 t - a potion of ambrosia
 u - 3 potions of mutation
 x - 2 potions of flight
 z - 2 potions of cancellation
 A - 2 potions of lignification
Comestibles
 d - 27 rations


   Skills:
 + Level 11.5 Fighting
 + Level 5.2 Throwing
 - Level 2.4 Dodging
 + Level 5.5 Shields
 + Level 13.3 Unarmed Combat


You had 11 spell levels left.
You didn't know any spells.
Your spell library contained the following spells:

 Spells                   Type           Power        Failure   Level  Hunger
 Animate Skeleton         Necr           N/A          77%         1    ##.....
 Apportation              Tloc           #.....       77%         1    ##.....
 Beastly Appendage        Tmut           #.....       77%         1    ##.....
 Corona                   Hex            #......      77%         1    ##.....
 Summon Small Mammal      Summ           #...         77%         1    ##.....
 Sticks to Snakes         Tmut           #.......     88%         2    ###....
 Spider Form              Tmut/Pois      #.........   98%         3    ####...
 Ice Form                 Ice/Tmut       #.......     100%        4    #####..
 Blade Hands              Tmut           #.........   100%        5    ######.


Dungeon Overview and Level Annotations

Branches:
Dungeon (12/15)            Temple (0/1) D:6            Lair (2/6) D:9
    Orc (0/2) D:12        Ossuary (visited)
  Swamp: Lair:2-4    Shoals: Lair:2-4     Snake: Lair:2-4    Spider: Lair:2-4

Altars:
Ashenzari
Gozag
Hepliaklqana
Kikubaaqudgha
Okawaru
Qazlal
Sif Muna
Trog
Vehumet
Xom
Yredelemnul
The Shining One

Shops:
D:4 (   D:5 !   D:9 !

Portals:
Abyss: D:10

Annotations:
D:10 2 transporters, coolguy69's ghost, journeyman VSBe
Lair:1 exclusion: 3 oklob plants


Innate Abilities, Weirdness & Mutations

You are too large for most types of armour.
You have claws for hands.
Your metabolism is lightning-fast.
You like to eat raw meat.
Your natural rate of healing is unusually fast.
You are covered in fur. (AC +1)
You have extremely tough skin. (AC +3)


Message History

The ten-headed hydra bites you.
The ten-headed hydra bites you but does no damage.
The ten-headed hydra barely misses you. The ten-headed hydra bites you. x2
* * * LOW HITPOINT WARNING * * *
You block the ten-headed hydra's attack.
Throwing (i - inventory. (/) - cycle)
o - 21 boomerangs (quivered)
Press: ? - help, Shift-Dir - straight line, f/p - ten-headed hydra
Aim: a ten-headed hydra (almost dead)
You throw a boomerang.
The boomerang hits the ten-headed hydra!
The ten-headed hydra is almost dead.
The ten-headed hydra barely misses you. The ten-headed hydra bites you!
* * * LOW HITPOINT WARNING * * *
You block the ten-headed hydra's attack.
The ten-headed hydra bites you!
* * * LOW HITPOINT WARNING * * *
The ten-headed hydra bites you.
* * * LOW HITPOINT WARNING * * *
The ten-headed hydra bites you!
You die...

.# ..# #..#
#######..## #.##
#.#.#.##.#P#####..#
.................##
.....# ####.....#
.....# ##....##
.....## #P.....#
......######P.....#
................@P#
##.#.##P#.......D..#
###..## ##.......###
#...# ##..Y....
#.รท## #......#
##..# #......# #.#.#
#P....... ##..#
##....... ##.##


You could see a ten-headed hydra and a yak.

Vanquished Creatures
  Urug (Lair:2)
  2 unseen horrors
  Pikel (D:8)
  2 ugly things (D:11)
  A manticore (D:10)
  A black mamba (Lair:1)
  A gargoyle (D:12)
  5 spiny frogs
  Maggie (D:6)
  3 komodo dragons
  A queen bee (D:8)
  3 trolls
  Prince Ribbit (D:8)
  A meliai zombie (D:12)
  Grinder (D:6)
  5 blink frogs (Lair:1)
  8 hippogriffs
  6 yaks
  Eustachio (D:4)
  2 wyverns
  A hungry ghost (D:8)
  2 wargs (D:9)
  5 water moccasins
  3 porcupines
  7 orc warriors
  11 ogres
  5 sky beasts
  A slave (D:8)
  7 centaurs
  A crocodile (Lair:1)
  Blork the orc (D:6)
  2 big kobolds
  12 bullfrogs
  A wyvern zombie (D:12)
  3 wyvern skeletons (D:12)
  5 scorpions
  29 killer bees
  An electric eel (D:11)
  3 wights (D:9)
  A howler monkey (D:5)
  11 crimson imps
  A centaur zombie (D:5)
  2 bullfrog zombies
  3 hounds
  3 jellies
  A bullfrog skeleton (D:10)
  9 orc priests
  15 orc wizards
  8 iguanas
  6 worker ants
  A hound skeleton (D:5)
  3 mummies (Ossuary)
  2 worker ant zombies
  14 adders
  6 shadow imps
  2 oozes
  3 adder zombies (Ossuary)
  2 adder skeletons
  8 worms
  4 dart slugs
  7 leopard geckos
  79 orcs
  9 bats
  4 giant cockroaches
  3 hobgoblins
  13 jackals
  20 kobolds
  7 quokkas
  4 ball pythons
  8 frilled lizards
  A giant cockroach zombie (D:5)
  11 goblins
  4 goblin zombies (Ossuary)
  A hobgoblin zombie (Ossuary)
  4 kobold zombies (Ossuary)
  3 leopard gecko skeletons
  An orc zombie (D:7)
  3 quokka zombies
  9 rats
  4 rat zombies (Ossuary)
447 creatures vanquished.

Vanquished Creatures (others)
  A slave (D:8)
  A killer bee (D:8)
  A hound skeleton (D:8)
3 creatures vanquished.

Grand Total: 450 creatures vanquished

Notes
Turn   | Place    | Note
-------+----------+-------------------------------------------
     0 | D:1      | Faca the Troll Fighter began the quest for the Orb.
     0 | D:1      | Reached XP level 1. HP: 22/22 MP: 0/0
   328 | D:1      | Reached XP level 2. HP: 28/29 MP: 1/1
   686 | D:2      | Reached XP level 3. HP: 37/37 MP: 2/2
   747 | D:2      | Reached skill level 3 in Unarmed Combat
   955 | D:2      | Reached XP level 4. HP: 44/45 MP: 3/3
  1354 | D:3      | Noticed an ogre
  1365 | D:3      | Killed an ogre
  1365 | D:3      | Reached skill level 4 in Unarmed Combat
  1365 | D:3      | Reached XP level 5. HP: 28/54 MP: 4/4
  1637 | D:3      | Reached XP level 6. HP: 62/62 MP: 5/5
  1991 | D:4      | Found Uliar's Weapon Shop.
  2031 | D:4      | Reached skill level 5 in Unarmed Combat
  2157 | D:4      | Found a hazy altar of Hepliaklqana.
  2270 | D:4      | Reached skill level 5 in Fighting
  2270 | D:4      | Reached XP level 7. HP: 72/72 MP: 6/6
  2285 | D:4      | Found a shimmering altar of Xom.
  2320 | D:4      | Reached skill level 6 in Unarmed Combat
  2339 | D:4      | Noticed Eustachio
  2381 | D:4      | Killed Eustachio
  2437 | D:5      | Entered Level 5 of the Dungeon
  2536 | D:4      | Found a shimmering blue altar of Sif Muna.
  2743 | D:5      | Found Acouts's Distillery.
  2750 | D:5      | Bought a potion of degeneration for 11 gold pieces
  2751 | D:5      | Bought a potion of mutation for 88 gold pieces
  2796 | D:5      | Reached XP level 8. HP: 50/83 MP: 7/7
  2800 | D:5      | Reached skill level 7 in Unarmed Combat
  3230 | D:5      | Found an iron altar of Okawaru.
  3230 | D:5      | Found an opulent altar of Gozag.
  3235 | D:5      | Became a worshipper of Warmaster Okawaru
  3457 | D:6      | Reached skill level 8 in Unarmed Combat
  3497 | D:6      | Noticed Grinder
  3504 | D:6      | Killed Grinder
  3538 | D:6      | Reached * piety under Okawaru
  3584 | D:6      | Noticed Blork the orc
  3591 | D:6      | Killed Blork the orc
  3591 | D:6      | Reached XP level 9. HP: 61/93 MP: 8/8
  3664 | D:6      | Found a radiant altar of Vehumet.
  3755 | D:6      | Noticed Maggie
  3764 | D:6      | Killed Maggie
  3772 | D:6      | Reached skill level 9 in Unarmed Combat
  4029 | D:6      | Found a staircase to the Ecumenical Temple.
  4050 | D:6      | Reached ** piety under Okawaru
  4142 | D:7      | Found a sand-covered staircase.
  4168 | Ossuary  | Entered an ossuary
  4458 | D:7      | Found a shattered altar of Ashenzari.
  4633 | D:7      | Reached skill level 10 in Unarmed Combat
  4666 | D:7      | Reached *** piety under Okawaru
  4901 | D:7      | Found a stormy altar of Qazlal.
  5034 | D:7      | Received a gift from Okawaru
  5112 | D:8      | Noticed Pikel
  5127 | D:8      | Killed Pikel
  5127 | D:8      | Reached XP level 10. HP: 43/107 MP: 9/9
  5267 | D:8      | Found an ancient bone altar of Kikubaaqudgha.
  5378 | D:8      | Found a glowing golden altar of the Shining One.
  5379 | D:8      | Found a basalt altar of Yredelemnul.
  5382 | D:8      | Noticed an angel
  5397 | D:8      | Noticed a profane servitor
  5522 | D:8      | Noticed Prince Ribbit
  5526 | D:8      | Killed Prince Ribbit
  5526 | D:8      | Reached **** piety under Okawaru
  5601 | D:8      | Reached skill level 11 in Unarmed Combat
  6180 | D:9      | Found a staircase to the Lair.
  6196 | D:9      | Reached skill level 10 in Fighting
  6403 | D:9      | Reached ***** piety under Okawaru
  6788 | D:9      | Found a bloodstained altar of Trog.
  6861 | D:9      | Got a faintly glowing robe
  6872 | D:9      | Identified the +0 robe "Qeanut" {MR+ Regen+} (You found it
                  | on level 9 of the Dungeon)
  6947 | D:9      | Found Dumn's Distillery.
  7144 | D:10     | Entered Level 10 of the Dungeon
  7194 | D:10     | Reached skill level 12 in Unarmed Combat
  7194 | D:10     | Reached XP level 11. HP: 93/119 MP: 10/10
  7382 | D:10     | Killed an unseen horror
  7856 | D:10     | Found a transporter.
  7858 | D:10     | Noticed a thrashing horror
  7859 | D:10     | Noticed coolguy69's ghost (journeyman VSBe)
  7861 | D:10     | Found a transporter.
  7871 | D:10     | Found a one-way gate to the infinite horrors of the Abyss.
  7880 | D:10     | Identified the cursed +2 spear "Vuniz" {distort, rF++}
  7914 | D:10     | Reached skill level 1 in Throwing
  8072 | D:10     | Noticed a white ugly thing
  8648 | D:11     | Noticed a red ugly thing
  8656 | D:11     | Killed a red ugly thing
  8716 | D:11     | Noticed a purple ugly thing
  8738 | D:11     | Killed a purple ugly thing
  8845 | D:11     | Reached ****** piety under Okawaru
  9632 | D:12     | Found a staircase to the Orcish Mines.
  9789 | D:12     | Found a shimmering altar of Xom.
  9830 | D:12     | Received a gift from Okawaru
  9838 | D:12     | Got a crude robe {god gift}
  9849 | D:12     | Identified the +3 robe "Utyif" {-Tele rN+ MR+} (Okawaru
                  | gifted it to you on level 12 of the Dungeon)
 10267 | D:12     | Killed an unseen horror
 10454 | Lair:1   | Entered Level 1 of the Lair of Beasts
 10706 | Lair:1   | Noticed an oklob plant
 10706 | Lair:1   | Noticed an oklob plant
 10709 | Lair:1   | Noticed an oklob plant
 10821 | Lair:1   | Reached XP level 12. HP: 49/130 MP: 11/11
 10874 | Lair:1   | Reached skill level 13 in Unarmed Combat
 11480 | Lair:1   | Reached skill level 5 in Shields
 11860 | Lair:2   | Reached skill level 5 in Throwing
 12132 | Lair:2   | Noticed Urug
 12150 | Lair:2   | Killed Urug
 12291 | Lair:2   | Noticed an eight-headed hydra
 12300 | Lair:2   | Slain by a ten-headed hydra

Levels and vault maps discovered:
D:1:      dpeg_arrival_round_a, layout_basic
D:2:      layout_rooms, serial_undead, serial_undead_c, serial_undead_a,
          serial_undead_b, serial_undead_b, guppyfry_early_orc_mine
D:3:      minmay_bubble_buster, layout_rooms, first_ration, dk_noncrumbling_3,
          minivault_26, minivault_14, minmay_misc_feat_nine_boxes,
          serial_bayou_lake_a
D:4:      layout_basic, led_xom_imps, nicolae_overflow_crystal_walls,
          nicolae_overflow_hidden_temple, serial_shops, kennysheep_little_box,
          minmay_fractal_squares_diagonal_5, uniq_eustachio
D:5:      cheibrodos_barr_body, layout_gridville,
          gammafunk_temple_overflow_statue, serial_shops, shop
D:6:      layout_basic, vehumet_altar_wand_db, minmay_temple_entry_glass,
          uniq_grinder, uniq_maggie, uniq_blork_the_orc
D:7:      layout_rooms, ashenzari_altar_1, lemuel_coloured_pillars_altar,
          enter_ossuary_3
D:8:      layout_cave_pools, grunt_temple_overflow_holy_war, old_standard_altar,
          david_nohive_1, uniq_prince_ribbit1, uniq_pikel
D:9:      layout_loops_ring, erik_lair_orcish_takeover, special_room
          [special_room_orc], serial_shops, nicolae_shop_behind_doors,
          small_statue_intersection, trog_butcher_becter
D:10:     layout_grid_maze, gammafunk_ghost_abyssal_escape
D:11:     layout_big_octagon
D:12:     layout_cave_pods, david_orc_2, basic_altar
Lair:1:   layout_loops_ring, small_statue_intersection,
          minmay_lair_oklob_chamber, grunt_megastairs_4,
          infiniplex_staircase_pool, lemuel_fruit_tree
Lair:2:   layout_chaotic_city, uniq_urug

Skill      XL: |  1  2  3  4  5  6  7  8  9 10 11 12 |
---------------+-------------------------------------+-----
Fighting       | 3 4 5 6 7 9 10 11 | 11.5
Unarmed Combat | 3 4 5 6 8 10 12 13 | 13.3
Throwing       | 4 5 |  5.2
Shields        | 4 5 |  5.5
Dodging        | |  2.4

Action                   |  1- 3 |  4- 6 |  7- 9 | 10-12 || total
-------------------------+-------+-------+-------+-------++-------
Melee: Unarmed           |   117 |   182 |   411 |   642 ||  1352
Throw: Boomerang         |       |       |       |    10 ||    10
Invok: Heroism           |       |       |       |     1 ||     1
Evoke: Wand              |       |       |       |     7 ||     7
  Use: Scroll            |     4 |     7 |     4 |     7 ||    22
       Potion            |       |       |     1 |    12 ||    13
 Stab: Sleeping          |       |       |       |     2 ||     2
  Eat: Chunk             |    14 |    13 |    27 |    64 ||   118
       Ration            |       |       |       |     1 ||     1
Armor: Robe              |    30 |    59 |   154 |   161 ||   404
Dodge: Dodged            |    39 |    53 |   124 |   214 ||   430
Block: Kite shield       |    38 |    76 |   208 |   320 ||   642

Table legend:
 A = Non-vault XP
 B = Vault XP
 C = Vault XP percentage of total XP
 D = Non-vault monster count
 E = Vault monster count
 F = Vault count percentage of total count
                 A         B        C        D         E       F
            +---------+---------+-------+---------+---------+-------
      Total |   22435 |    6463 |  22.4 |     323 |     123 |  27.6
            +---------+---------+-------+---------+---------+-------
        D:1 |      38 |       0 |   0.0 |      21 |       0 |   0.0
        D:2 |      53 |      16 |  23.2 |      25 |       7 |  21.9
        D:3 |     293 |      38 |  11.5 |      27 |      11 |  28.9
        D:4 |     507 |     398 |  44.0 |      16 |       7 |  30.4
        D:5 |     547 |     334 |  37.9 |      27 |      10 |  27.0
        D:6 |     840 |     702 |  45.5 |      18 |       4 |  18.2
        D:7 |    1687 |       1 |   0.1 |      37 |       1 |   2.6
        D:8 |     434 |    2039 |  82.5 |       2 |      17 |  89.5
        D:9 |    1949 |    1152 |  37.1 |      33 |      36 |  52.2
       D:10 |    3776 |       0 |   0.0 |      41 |       0 |   0.0
       D:11 |    2342 |       0 |   0.0 |      22 |       0 |   0.0
       D:12 |    2454 |      18 |   0.7 |      20 |       6 |  23.1
     Lair:1 |    4032 |     821 |  16.9 |      17 |       2 |  10.5
     Lair:2 |    3483 |     859 |  19.8 |      17 |       1 |   5.6
    Ossuary |       0 |      85 | 100.0 |       0 |      21 | 100.0
            +---------+---------+-------+---------+---------+-------
